 Dungeon Crawl Stone Soup version 0.31-a0-1343-gcd514f47d3 (webtiles) character file.

Game seed: 9298204021900721242

6153 GordonOverkill the Prestidigitator (level 10, 0/49 HPs)
             Began as a Spriggan Delver on Dec 22, 2023.
             Succumbed to a hornet's poison
             ... on level 8 of the Dungeon.
             The game lasted 00:34:57 (14951 turns).

GordonOverkill the Prestidigitator (SpDe)          Turns: 14951, Time: 00:34:58

Health: 0/49       AC:  4    Str:  8    XL:     10   Next: 59%
Magic:  23/23      EV: 17    Int: 16    God:
Gold:   116        SH:  0    Dex: 17    Spells: 18/25 levels left

rFire   . . .        t - +0 demon whip (venom)
rCold   . . .        (no shield)
rNeg    + . .        q - +2 robe {rN+}
rPois   .            (helmet restricted)
rElec   .            (no cloak)
rCorr   +            (gloves unavailable)
SInv    +            (boots unavailable)
Will    +....        (no amulet)
Stlth   ++++         g - ring of resist corrosion
HPRegen 0.28/turn    (no ring)
MPRegen 0.18/turn

%: no passive effects
@: lethally poisoned (0 -> -8), studying Staves, very quick
A: very small, no large weapons, unfitting armour, see invisible, speed 3
a: no special abilities


You were on level 8 of the Dungeon.
You visited 2 branches of the dungeon, and saw 10 of its levels.

You collected 443 gold pieces.
You spent 327 gold pieces at shops.

Inventory:

Hand Weapons
 h - a +4 sling
 n - a +1 dagger of draining
 t - a +0 demon whip of venom (weapon)
Missiles
 p - 3 throwing nets (quivered)
Armour
 q - a +2 robe of positive energy (worn)
Jewellery
 g - a ring of resist corrosion (left hand)
Wands
 a - a wand of iceblast (9)
 f - a wand of digging (8)
 i - a wand of charming (19)
 s - a wand of polymorph (5)
 y - a wand of flame (25)
Scrolls
 b - 2 scrolls of fog
 c - 3 scrolls of revelation
 o - a scroll of enchant armour
 u - a scroll of blinking
 w - 3 scrolls of vulnerability
 x - a scroll of identify
 B - a scroll of amnesia
Potions
 d - 4 potions of magic
 e - 2 potions of haste
 j - 2 potions of might
 k - 2 potions of brilliance
 l - 2 potions of enlightenment
 m - 4 potions of curing
 r - a potion of invisibility
 v - 5 potions of mutation
 z - 2 potions of heal wounds
 A - a potion of cancellation


   Skills:
 - Level 4.0 Fighting
 - Level 5.0 Ranged Weapons
 - Level 2.6 Dodging
 - Level 7.2 Stealth
 - Level 1.5 Unarmed Combat
 - Level 8.0 Spellcasting
 + Level 8.6 Conjurations
 - Level 9.0 Evocations


You had 18 spell levels left.
You knew the following spells:

 Your Spells              Type           Power      Damage    Failure   Level
a - Orb of Destruction    Conj           16%        9d7       95%         7

Your spell library contained the following spells:

 Spells                   Type           Power      Damage    Failure   Level
 Sting                    Conj/Alch      80%        1d8       1%          1
 Static Discharge         Conj/Air       40%        3-5/arc   3%          2
 Hailstorm                Conj/Ice       20%        3d7       6%          3
 Jinxbite                 Hex            12%        N/A       17%         2
 Mercury Vapours          Alch/Air       12%        N/A       17%         2
 Sublimation of Blood     Necr           6%         N/A       17%         2
 Fugue of the Fallen      Necr           6%         N/A       32%         3
 Ozocubu's Armour         Ice            6%         N/A       32%         3
 Summon Guardian Golem    Hex/Summ       6%         N/A       32%         3
 Irradiate                Conj/Alch      10%        3d15      47%         5
 Airstrike                Air            3%         2d(1-17)  73%         4
 Manifold Assault         Tloc           6%         N/A       73%         4
 Olgreb's Toxic Radiance  Alch           6%         N/A       73%         4
 Petrify                  Alch/Erth      6%         N/A       73%         4
 Summon Ice Beast         Ice/Summ       6%         N/A       73%         4
 Summon Lightning Spire   Summ/Air       6%         N/A       73%         4
 Yara's Violent Unravell  Hex/Alch       3%         3d4       97%         5
 Simulacrum               Ice/Necr       3%         N/A       100%        6
 Enfeeble                 Hex            3%         N/A       100%        7
 Spellforged Servitor     Conj/Summ      10%        N/A       100%        7


Dungeon Overview and Level Annotations

Branches:
Dungeon (9/15)             Temple (1/1) D:7            Lair (0/5) D:8
    Orc: D:9-12

Altars:
Ashenzari
Cheibriados
Dithmenos
Elyvilon
Fedhas
Gozag
Hepliaklqana
Kikubaaqudgha
Makhleb
Nemelex Xobeh
Okawaru
Qazlal
Ru
Sif Muna
Trog
Uskayaw
Wu Jian
Xom
Yredelemnul
Zin
The Shining One

Shops:
D:1 !   D:5 *


Innate Abilities, Weirdness & Mutations

You are very small and have problems with some larger weapons.
You are too small for most types of armour.
You have supernaturally acute eyesight. (SInv)
You cover ground extremely quickly. (Speed+++)


Message History

Things that are here:
a +0 barding; a +0 orcbow You see here a +0 mace.
There is a stone staircase leading down, spattered with blood here.
Things that are here:
a +0 club; an orc skeleton
Things that are here:
3 stones; a +0 sling; a +0 hand axe Key pressed, stopping explore.
Key pressed, stopping explore.
You see here a +0 rapier.
Things that are here:
a +0 robe; a +0 dagger Done exploring.
Done exploring.
Done exploring.
Done exploring.
Done exploring.
You see here a +0 club.
There is a stone staircase leading down, spattered with blood here.
You climb downwards.
The hornet barely misses you. The hornet stings you.
You are poisoned.
You feel yourself slow down.
The orc warrior shoots an arrow.
The arrow hits you! The arrow burns you.
* * * LOW HITPOINT WARNING * * *
There is a stone staircase leading up, spattered with blood here.
You feel yourself speed up.
You feel very sick. The hornet stings you.
* * * LOW HITPOINT WARNING * * *
You feel yourself slow down.
The orc warrior shoots an arrow.
The arrow barely misses you. The hornet closely misses you.
The orc warrior shoots an arrow.
The arrow hits you!
* * * LOW HITPOINT WARNING * * *
The arrow burns you.
* * * LOW HITPOINT WARNING * * *
The hornet misses you.
You climb upwards.
You feel yourself speed up.
You die...

#.#....######....####
..#)....)....<....##
...................#
...........##....###
..[........#####.#
....(......# #.#
...........# #.#
...........## #y#
............## #@#
..........##.###)#
..##.....####.##.####
########## ##......#
#......# #......#
#......# ########


You could see a hornet.

Vanquished Creatures
  Amaemon (D:8)
  An orange demon (D:8)
  A troll (D:8)
  A wyvern (D:8)
  10 yaks
  Eustachio (D:5)
  4 water moccasins
  An orc warrior (D:7)
  2 ice beasts
  2 black bears (D:5)
  A sky beast (D:7)
  4 centaurs
  An ogre (D:6)
  A phantom (D:4)
  5 bullfrogs
  A scorpion (D:5)
  A gnoll sergeant (D:7)
  8 wights
  4 howler monkeys (D:8)
  6 hounds
  A jelly (D:6)
  4 orc priests
  An iguana (D:6)
  A sleepcap (D:5)
  13 orc wizards
  6 gnolls
  6 adders
  3 bombardier beetles
  A white imp (D:7)
  4 worms
  5 dart slugs
  23 orcs
  4 ball pythons
  6 endoplasms
  3 giant cockroaches
  2 goblins (D:4)
  6 hobgoblins
  6 jackals (D:2)
  4 quokkas
  3 bats
  3 frilled lizards
  6 kobolds
  6 rats
173 creatures vanquished.

Notes
Turn   | Place    | Note
-------+----------+-------------------------------------------
     0 | D:5      | GordonOverkill the Spriggan Delver began the quest for the
                  | Orb.
     0 | D:5      | Reached XP level 1. HP: 11/11 MP: 2/2
     4 | D:6      | Noticed a bullfrog
    54 | D:8      | Noticed a yak
    54 | D:8      | Noticed a yak
    54 | D:8      | Noticed a yak
    54 | D:8      | Noticed a howler monkey
    54 | D:8      | Noticed a wight
    83 | D:7      | Noticed a bullfrog
   136 | D:7      | Found a staircase to the Ecumenical Temple.
   155 | D:7      | Noticed a centaur
   170 | D:7      | Noticed a water moccasin
   197 | D:7      | Noticed a wight
   253 | D:8      | Noticed an orc wizard
   265 | D:8      | Reached skill level 1 in Ranged Weapons
   696 | D:6      | Killed a bullfrog
   697 | D:6      | Reached XP level 2. HP: 16/16 MP: 3/3
   697 | D:6      | Reached XP level 3. HP: 19/19 MP: 4/4
   721 | D:6      | Noticed a bullfrog
   727 | D:6      | Killed a bullfrog
   728 | D:6      | Reached XP level 4. HP: 23/23 MP: 5/5
   767 | D:6      | Reached XP level 5. HP: 27/27 MP: 6/6
   887 | D:6      | Reached skill level 5 in Ranged Weapons
   887 | D:6      | Reached skill level 2 in Evocations
   962 | D:6      | Reached skill level 3 in Evocations
  1000 | D:6      | Reached skill level 4 in Evocations
  1000 | D:6      | Reached XP level 6. HP: 28/32 MP: 7/7
  1446 | D:6      | Noticed an ice beast
  1643 | D:6      | Reached skill level 5 in Evocations
  1808 | D:6      | Killed an ice beast
  1809 | D:6      | Reached skill level 6 in Evocations
  1920 | D:6      | Reached XP level 7. HP: 35/35 MP: 8/8
  1965 | D:7      | Reached skill level 7 in Evocations
  2430 | D:7      | Reached skill level 8 in Evocations
  2586 | D:7      | Reached skill level 9 in Evocations
  2586 | D:7      | Reached skill level 1 in Spellcasting
  3003 | D:7      | Reached skill level 1 in Conjurations
  3003 | D:7      | Reached XP level 8. HP: 26/39 MP: 13/13
  3668 | D:7      | Learned a level 7 spell: Orb of Destruction
  3788 | D:7      | Found a staircase to the Ecumenical Temple.
  4307 | Temple   | Entered the Ecumenical Temple
  4339 | D:7      | Reached skill level 5 in Spellcasting
  5254 | D:8      | Reached XP level 9. HP: 43/43 MP: 20/22
  5627 | D:8      | Found a staircase to the Lair.
  5739 | D:8      | Reached skill level 5 in Conjurations
  7260 | D:9      | Found a basalt altar of Yredelemnul.
  7272 | D:9      | Noticed a troll
  7273 | D:9      | Found an ornate altar of the Wu Jian Council.
  7496 | D:8      | Killed a troll
  7497 | D:8      | Reached XP level 10. HP: 24/47 MP: 23/23
  7793 | D:9      | Noticed Amaemon
  7793 | D:9      | Noticed an orange demon
  8275 | D:8      | Found a staircase to the Lair.
  8638 | D:8      | Killed Amaemon
  8799 | D:8      | Killed an orange demon
  9495 | D:5      | Noticed Eustachio
  9734 | D:5      | Killed Eustachio
 10159 | D:5      | Found Wonwuhab's Assorted Antiques.
 10222 | D:5      | Bought an amethyst potion for 21 gold pieces
 10222 | D:5      | Bought a scroll labelled XAMPYD AWEPT for 24 gold pieces
 10222 | D:5      | Bought a lumpy white potion for 21 gold pieces
 10222 | D:5      | Bought a lumpy white potion for 21 gold pieces
 12769 | D:2      | Found a bloodstained altar of Trog.
 13782 | D:1      | Found Lirghed's Distillery.
 13799 | D:1      | Bought a potion of curing for 30 gold pieces
 13799 | D:1      | Bought a potion of heal wounds for 50 gold pieces
 13799 | D:1      | Bought a potion of magic for 80 gold pieces
 13799 | D:1      | Bought a potion of mutation for 80 gold pieces
 14811 | D:8      | Found a staircase to the Lair.
 14951 | D:8      | Succumbed to a hornet's poison

Illustrated notes

Levels and vault maps discovered:
D:1:      dpeg_arrival_signposts, layout_basic, serial_shops,
          nicolae_shop_statue_plus
D:2:      layout_basic, basic_altar
D:3:      layout_loops_ring
D:4:      layout_loops_corners
D:5:      layout_layer_cave, serial_shops, nicolae_shop_stone,
          minmay_manual_maat, uniq_eustachio
D:6:      layout_loops_corners, minmay_misc_feat_square
D:7:      layout_loops_ring, minmay_temple_entry_glass
D:8:      layout_rooms, lair_entry_dummy, grunt_ministairs_2
D:9:      layout_rooms, mainiacjoe_overflow_catch_the_wave,
          lemuel_crystal_altar, uniq_gastronok, uniq_amaemon
Temple:   nicolae_temple_bog_church

Skill      XL: |  1  2  3  4  5  6  7  8  9 10 |
---------------+-------------------------------+-----
Ranged Weapons | 3 4 5 |  5.0
Evocations     | 4 6 9 |  9.0
Spellcasting   | 3 8 |  8.0
Conjurations   | 1 3 7 8 |  8.6
Fighting       | 4 |  4.0
Dodging        | |  2.6
Stealth        | |  7.2
Unarmed Combat | |  1.5

Action                     |  1- 3 |  4- 6 |  7- 9 | 10-12 || total
---------------------------+-------+-------+-------+-------++-------
  Melee: Dagger            |       |       |   106 |     1 ||   107
         Punch             |       |       |     1 |     1 ||     2
         Short sword       |       |       |     2 |    12 ||    14
         Demon whip        |       |       |       |   101 ||   101
   Fire: Sling             |    27 |    70 |   438 |   342 ||   877
  Throw: Throwing net      |       |       |     1 |       ||     1
  Evoke: Wand              |       |       |     2 |     1 ||     3
    Use: Scroll            |       |       |     4 |     7 ||    11
   Stab: Sleeping          |       |       |     1 |     1 ||     2
         Distracted        |       |       |       |     2 ||     2
 Armour: Robe              |     6 |     3 |   131 |   117 ||   257
  Dodge: Dodged            |    17 |    10 |   253 |   201 ||   481

Table legend: (Time is in decaauts)
 A = Elapsed time spent in this place.
 B = Non-inter-level travel time spent in this place.
 C = Inter-level travel time spent in this place.
 D = Time resting spent in this place.
 E = Time spent auto-exploring this place.
 F = Levels seen in this place.
 G = Mean time per level.
                   A        B        C        D        E       F      G
               +--------+--------+--------+--------+--------+-----+--------+
         Total |  11493 |  11055 |    438 |   4264 |   3495 |  10 | 1149.3 |
       Dungeon |  11491 |  11053 |    438 |   4264 |   3495 |   9 | 1276.8 |
        Temple |      1 |      1 |      0 |      0 |      0 |   1 |    1.0 |
               +--------+--------+--------+--------+--------+-----+--------+

Top non-repeatable levels by time:
     D:7: 3519 daAuts
     D:8: 2481 daAuts
     D:6: 1758 daAuts
     D:5: 1150 daAuts
     D:4: 931 daAuts
     D:2: 599 daAuts
     D:1: 483 daAuts
     D:3: 452 daAuts
     D:9: 114 daAuts
  Temple: 1 daAuts
